 Dungeon Crawl Stone Soup version 0.28-a0-991-g956f0ee3d5 (webtiles) character file.

Game seed: 14761079894613386471

436 oldriver the Magician (level 6, -1/48 HPs)
             Began as a Draconian Conjurer on Dec 5, 2021.
             Was an Initiate of Vehumet.
             Shot with an arrow by a centaur (3 damage)
             ... on level 5 of the Dungeon.
             The game lasted 00:07:38 (6634 turns).

oldriver the Magician (Draconian Conjurer)          Turns: 6634, Time: 00:07:39

Health: -1/48      AC:  6    Str:  9    XL:     6   Next: 68%
Magic:  10/14      EV: 12    Int: 21    God:    Vehumet [......]
Gold:   110        SH:  0    Dex:  9    Spells: 9/16 levels left

rFire   . . .      SeeInvis .   (no weapon)
rCold   . . .      Faith    .   (no shield)
rNeg    . . .      Spirit   .   (armour unavailable)
rPois   .          Reflect  .   (helmet restricted)
rElec   .          Harm     .   (no cloak)
rCorr   .          Rampage  .   (no gloves)
Will    .....                   (no boots)
Stlth   ++........              (no amulet)
HPRegen 0.16/turn               (no ring)
MPRegen 0.14/turn               (no ring)

@: no status effects
A: AC +6, unfitting armour, cold-blooded
a: Renounce Religion


You were on level 5 of the Dungeon.
You worshipped Vehumet.
Vehumet was noncommittal.
You visited 1 branch of the dungeon, and saw 5 of its levels.

You collected 110 gold pieces.

Inventory:

Scrolls
 a - a scroll of vulnerability {unknown}
 f - 2 scrolls of identify {unknown}
 g - a scroll of teleportation
Potions
 b - 2 potions of curing
 c - 3 potions of heal wounds {unknown}
 d - 2 potions of mutation {unknown}
 e - a potion of cancellation {unknown}


   Skills:
 + Level 1.9 Fighting
 + Level 1.7 Dodging
 + Level 1.9 Stealth
 + Level 0.3 Unarmed Combat
 * Level 5.8 Spellcasting
 + Level 4.7 Conjurations


You had 9 spell levels left.
You knew the following spells:

 Your Spells              Type           Power      Damage    Failure   Level
a - Magic Dart            Conj           100%       1d8       1%          1
b - Searing Ray           Conj           52%        2d6       2%          2
c - Iskenderun's Mystic   Conj/Tloc      16%        2d5       36%         4

Your spell library contained the following spells:

 Spells                   Type           Power      Damage    Failure   Level
 Dazzling Flash           Conj/Hex       32%        N/A       11%         3
 Gell's Gravitas          Tloc           6%         N/A       30%         3
 Teleport Other           Tloc           6%         N/A       30%         3
 Fulminant Prism          Conj/Hex       8%         3d7       36%         4
 Dispersal                Tloc           3%         N/A       100%        6


Dungeon Overview and Level Annotations

Branches:
Dungeon (5/15)
 Temple: D:4-7

Altars:
Dithmenos
Gozag
Okawaru
Vehumet
Wu Jian

Shops:
D:2 =


Innate Abilities, Weirdness & Mutations

Your plain brown scales are hard. (AC +6)
You cannot fit into any form of body armour.
You are cold-blooded and may be slowed by cold attacks.


Message History

A centaur is nearby!
A centaur is nearby!
A centaur is nearby!
The magic dart hits the centaur!
The centaur is moderately wounded.
The centaur shoots an arrow.
The arrow hits you but does no damage.
The centaur shoots an arrow.
The arrow hits you!
The magic dart hits the centaur but does no damage.
The centaur is moderately wounded.
The centaur shoots an arrow.
The arrow barely misses you.
The magic dart hits the centaur.
The centaur is heavily wounded.
The centaur shoots an arrow.
The arrow hits you.
The centaur shoots an arrow.
The arrow misses you.
The magic dart hits the centaur.
The centaur is severely wounded.
A centaur comes into view.
The magic dart hits the centaur but does no damage.
The centaur is severely wounded.
The centaur shoots an arrow.
The arrow hits you!
The centaur wields a +0 shortbow.
The centaur shoots an arrow.
The arrow hits you.
The centaur shoots an arrow.
The arrow hits you!
* * * LOW HITPOINT WARNING * * *
You are too injured to fight recklessly!
You are too injured to fight recklessly!
You are too injured to fight recklessly!
You are too injured to fight recklessly!
You are too injured to fight recklessly!
You are too injured to fight recklessly!
You are too injured to fight recklessly!
You are too injured to fight recklessly!
You are too injured to fight recklessly!
You are too injured to fight recklessly!
You are too injured to fight recklessly!
You are too injured to fight recklessly!
Unknown command.
The centaur shoots an arrow.
The arrow hits you!
* * * LOW HITPOINT WARNING * * *
The centaur shoots an arrow.
The arrow hits you.
You die...

....# ........ ....##
....c.. .....# .....
.....# .... ....## ..#
...## #.# ..## ##.# ###
#.## # ##@.## ##....##
##......#
#####...##....#
#####........##....#
####.......[.....###...
##......###........#
#..
....######..........#
#. .#### ##)....[.....#


You could see a centaur.

Vanquished Creatures
  A phantom (D:5)
  A scorpion (D:5)
  A hound (D:4)
  An iguana (D:5)
  7 gnolls
  6 adders
  A white imp (D:3)
  An ufetubus (D:4)
  2 worms
  A dart slug (D:4)
  7 orcs
  3 ball pythons
  10 endoplasms
  10 goblins
  7 hobgoblins
  9 jackals
  7 quokkas
  4 bats
  5 frilled lizards
  9 kobolds
  8 rats
101 creatures vanquished.

Vanquished Creatures (others)
  11 plants (D:2)
11 creatures vanquished.

Grand Total: 112 creatures vanquished

Notes
Turn   | Place    | Note
-------+----------+-------------------------------------------
     0 | D:1      | oldriver the Draconian Conjurer began the quest for the
                  | Orb.
     0 | D:1      | Reached XP level 1. HP: 14/14 MP: 3/3
   399 | D:1      | Reached XP level 2. HP: 20/20 MP: 3/5
   640 | D:1      | Reached skill level 3 in Spellcasting
  1464 | D:2      | Found Saxesmuh's Jewellery Shop.
  1464 | D:2      | You fall into a shaft and drop 2 floors!
  1475 | D:4      | HP: 1/20 [ufetubus (4)]
  1495 | D:4      | Reached XP level 3. HP: 4/26 MP: 4/7
  2366 | D:3      | Reached skill level 1 in Fighting
  2458 | D:1      | Reached XP level 4. HP: 33/35 MP: 1/9
  2625 | D:2      | Reached skill level 4 in Spellcasting
  2702 | D:2      | Found a faded altar of an unknown god.
  3121 | D:2      | Reached XP level 5. HP: 40/40 MP: 9/11
  3549 | D:3      | Learned a level 2 spell: Searing Ray
  3554 | D:3      | Learned a level 4 spell: Iskenderun's Mystic Blast
  4806 | D:4      | Reached skill level 5 in Spellcasting
  5357 | D:4      | Reached XP level 6. HP: 31/48 MP: 2/13
  5728 | D:4      | Found an opulent altar of Gozag.
  5733 | D:4      | Found an iron altar of Okawaru.
  5736 | D:4      | Found a radiant altar of Vehumet.
  5736 | D:4      | Found a shadowy altar of Dithmenos.
  5743 | D:4      | Found an ornate altar of the Wu Jian Council.
  5747 | D:4      | Became a worshipper of Vehumet
  6079 | D:5      | Entered Level 5 of the Dungeon
  6633 | D:5      | HP: 2/48 [centaur/arrow (9)]
  6634 | D:5      | Shot with an arrow by a centaur

Illustrated notes

Levels and vault maps discovered:
D:1:      minmay_arrival_shattered_statue, layout_loops_ring
D:2:      layout_basic, serial_shops, shop, hellmonk_ecumenical_altar_blasted,
          nicolae_grassy_gnolls
D:3:      layout_basic
D:4:      layout_layer_cave, nicolae_overflow_hallway_of_the_gods
D:5:      layout_cave_pods, temple_pool_b

Skill      XL: |  1  2  3  4  5 |
---------------+----------------+-----
Spellcasting   | 3 4 5 |  5.8
Fighting       | 1 |  1.9
Dodging        | |  1.7
Stealth        | |  1.9
Unarmed Combat | |  0.3
Conjurations   | |  4.7

Action                   |  1- 3 |  4- 6 || total
-------------------------+-------+-------++-------
Melee: Unarmed           |    44 |       ||    44
       Tailslap          |     3 |       ||     3
 Cast: Magic Dart        |    90 |   173 ||   263
       Searing Ray       |       |     2 ||     2
  Use: Potion            |     3 |       ||     3
       Scroll            |     1 |       ||     1
Armor: Skin              |    38 |     9 ||    47
Dodge: Dodged            |    64 |    24 ||    88

Table legend: (Time is in decaauts)
 A = Elapsed time spent in this place.
 B = Non-inter-level travel time spent in this place.
 C = Inter-level travel time spent in this place.
 D = Time resting spent in this place.
 E = Time spent auto-exploring this place.
 F = Levels seen in this place.
 G = Mean time per level.
                   A        B        C        D        E       F      G
               +--------+--------+--------+--------+--------+-----+--------+
         Total |   6636 |   6536 |    100 |   1933 |   3860 |   5 | 1327.2 |
       Dungeon |   6636 |   6536 |    100 |   1933 |   3860 |   5 | 1327.2 |
               +--------+--------+--------+--------+--------+-----+--------+

Top non-repeatable levels by time:
     D:4: 1811 daAuts
     D:3: 1726 daAuts
     D:1: 1616 daAuts
     D:2: 928 daAuts
     D:5: 554 daAuts
